Map: Éphémèrion EC

Players

Denver

  • Race: Zerg Zerg
  • League: Master
  • Spawn Location: 11:00

Harstem - Winner!

  • Race: Protoss Protoss
  • League: Master
  • Spawn Location: 5:00

VOD

Have the link to the VOD?

Description

Time

  • Played on: Jan. 13, 2020, 2:55 p.m.
  • Length: 5:47
Show
View Real Time Build Order
Export as new Build Order

Denver Zerg 

Build Orders: Hatch First 

Get SALT Encoding   

  12  0:00  Drone  
  13  0:12  Overlord  
  13  0:17  Drone  
  14  0:30  Drone x2  
  16  0:48  Hatchery  
  15  0:51  Drone  
  15  0:55  Drone  
  17  0:59  Drone  
  18  1:09  Extractor  
  17  1:15  Spawning Pool  
  17  1:17  Drone  
  17  1:20  Drone  
  18  1:28  Drone  
  19  1:38  Drone  
  20  1:49  Drone  
  21  2:01  Zergling x4  
  21  2:04  Queen x2  
  27  2:17  Zergling x2  
  28  2:27  Zergling x2  
  23  2:47  Drone x2  
  22  2:53  Drone  
  22  2:56  Drone  
  24  3:00  Drone  
  25  3:05  Overlord  
  25  3:11  Drone x2  
  27  3:18  Zergling x2  
  26  3:30  Drone  
  27  3:35  Drone  
  27  3:39  Drone  
  27  3:40  Drone  
  30  3:47  Drone x2  
  32  3:54  Metabolic Boost  
  32  3:56  Drone  
  32  4:01  Overlord  
  33  4:08  Drone  
  31  4:12  Zergling x4  
  32  4:18  Queen  
  32  4:22  Zergling x2  
  35  4:30  Drone x2  
  33  4:38  Drone  
  34  4:51  Drone x2  
  36  4:59  Drone  
  34  5:02  Drone x2  
  31  5:14  Drone  
  31  5:16  Drone  
  31  5:17  Drone  
  31  5:24  Drone  
  29  5:32  Drone  
  29  5:35  Drone  
Show
View Real Time Build Order
Export as new Build Order

Harstem Protoss - Winner!

Build Orders:  

Get SALT Encoding   

  12  0:00  Probe  
  13  0:12  Probe  
  14  0:18  Pylon  
  14  0:25  Probe (Chrono Boost)  
  15  0:38  Probe (Chrono Boost)  
  15  0:39  Gateway  
  16  0:45  Probe (Chrono Boost)  
  16  0:48  Assimilator  
  17  0:52  Probe  
  19  1:04  Probe  
  19  1:08  Forge  
  19  1:16  Probe  
  20  1:26  Cybernetics Core  
  20  1:28  Probe  
  21  1:37  Pylon  
  21  1:55  Photon Cannon  
  21  1:58  Gateway  
  21  2:01  Photon Cannon  
  21  2:02  Adept (Chrono Boost)  
  23  2:12  Pylon  
  23  2:14  Pylon  
  22  2:25  Adept (Chrono Boost)  
  24  2:41  Probe  
  25  2:53  Probe  
  25  2:55  Nexus  
  26  2:58  Adept  
  28  3:05  Assimilator  
  28  3:06  Probe  
  29  3:17  Pylon  
  29  3:18  Probe  
  30  3:29  Warp Gate, Stalker  
  30  3:30  Probe  
  33  3:39  Stargate  
  33  3:42  Probe  
  34  3:55  Probe  
  35  4:07  Probe  
  35  4:09  Probe  
  37  4:18  Adept  
  37  4:19  Probe  
  37  4:21  Probe  
  41  4:25  Oracle (Chrono Boost)  
  41  4:31  Probe  
  45  4:33  Probe  
  44  4:39  Gateway  
  44  4:41  Robotics Facility  
  44  4:43  Probe  
  44  4:44  Pylon  
  44  4:45  Probe  
  46  5:00  Oracle  
  46  5:02  Probe x2 (Chrono Boost)  
  46  5:04  Assimilator  
  51  5:09  Assimilator  
  51  5:11  Probe (Chrono Boost)  
  51  5:12  Probe (Chrono Boost)  
  53  5:17  Probe  
  53  5:18  Probe  
  51  5:29  Probe  
  51  5:30  Probe  
  51  5:34  Adept  
  51  5:35  Adept  
  59  5:41  Pylon  
  61  5:47  Pylon  
Tags
 
Add a new tag
Caveats
  • Supply blocks, unpowered buildings, or Contaminate may cause inaccurate times.
  • Supply counts are checked every 10 seconds.